Americans vs Pirates

Created - Friday, November 20, 2015 at 01:14

Goals
1 2 3 T
Americans 0 0 1 1
Pirates 0 0 0 0
Shots
1 2 3 T
Americans 9 10 9 28
Pirates 2 13 13 28

1st period

No Goal

Penalties :
Henrik Samuelsson (POR) for Fighting (Major) at 0:57, Patrick Bordeleau (RCH) for Fighting (Major) at 0:57

2nd period

No Goal

Penalties :
C.J. Ludwig (POR) for Hooking (Minor) at 1:57, Henrik Samuelsson (POR) for Fighting (Major) at 6:17, Ruslan Fedotenko (RCH) for Fighting (Major) at 6:17, Daniel Carcillo (POR) for Fighting (Major) at 7:34, Patrick Bordeleau (RCH) for Fighting (Major) at 7:34, Steve Spinell (POR) for Fighting (Major) at 10:11, Nick Drazenovic (RCH) for Fighting (Major) at 10:11, Andrey Pedan (POR) for Hooking (Minor) at 19:28

3rd period

1. Americans , Peter Andersson 1 (Dylan DeMelo, Spencer Abbott) at 1:23 (PP)

Penalties :
Henrik Samuelsson (POR) for Fighting (Major / Game Misconduct) at 1:30, Jerome Samson (RCH) for Fighting (Major) at 1:30, Henrik Samuelsson (POR) for instigated a fight (Minor) at 1:30, Henrik Samuelsson (POR) for instigated a fight (10 Minutes Misconduct) at 1:30, Zack Stortini (POR) for Fighting (Major) at 3:26, Dany Heatley (RCH) for Fighting (Major) at 3:26, Kale Kessy (RCH) for Goalie Interference (Minor) at 5:11

Goalie Stats

Petr Mrazek (RCH), 28 saves from 28 shots - (1.000), W, 9-1-1, 60:00 minutes
Matt Hackett (POR), 27 saves from 28 shots - (0.964), L, 6-5-2, 60:00 minutes

Players Stats for Americans

Player Name              G  A  P  +/- PIM S  H  SB GA TA FO     MP     PP MP  PK MP  
------------------------------------------------------------------------------------
Daniel Maggio            0  0  0   0  0   1  1  0  0  0  0/0    15:22   0:00   0:00 
Dany Heatley             0  0  0   0  5   0  1  0  0  0  0/0    17:38   1:58   0:00 
Dylan DeMelo             0  1  1   0  0   3  0  0  0  2  0/0    19:39   1:21   0:40 
Grant Clitsome           0  0  0   0  0   2  0  4  1  1  0/0    24:59   2:33   1:19 
Jake Chelios             0  0  0   0  0   0  1  0  0  3  0/0    15:22   0:00   0:00 
Jerome Samson            0  0  0   0  5   1  4  0  2  0  0/0    14:20   0:00   0:41 
Justin Hodgman           0  0  0   0  0   5  1  1  2  0  1/4    12:48   0:00   0:00 
Kale Kessy               0  0  0   0  2   1  2  1  0  0  0/0    12:45   0:00   0:00 
Marc-Andre Cliche        0  0  0   0  0   2  0  2  3  3  6/13   19:00   1:58   1:19 
Nate Schmidt             0  0  0   0  0   1  2  2  0  2  0/0    24:59   2:33   1:19 
Nick Cousins             0  0  0   0  0   3  1  0  3  0  6/9    16:45   1:56   0:29 
Nick Drazenovic          0  0  0   0  5   1  2  0  0  1  2/5    11:58   0:00   0:00 
Nick Sorkin              0  0  0   0  0   0  0  0  0  0  1/3    12:24   0:00   0:11 
Patrick Bordeleau        0  0  0   0  10  0  1  0  2  0  0/0    14:40   1:56   0:00 
Peter Andersson          1  0  1   0  0   1  3  0  0  1  0/0    19:39   1:21   0:40 
Ruslan Fedotenko         0  0  0   0  5   1  0  0  0  0  0/0    10:21   0:00   0:00 
Spencer Abbott           0  1  1   0  0   1  0  0  1  0  0/0    16:16   1:56   0:00 
Tim Jackman              0  0  0   0  0   5  5  0  1  1  1/2    19:00   1:58   1:19 

Players Stats for Pirates

Player Name              G  A  P  +/- PIM S  H  SB GA TA FO     MP     PP MP  PK MP  
------------------------------------------------------------------------------------
Andrey Pedan             0  0  0   0  2   2  2  3  0  1  0/0    23:39   1:13   1:08 
Anthony Duclair          0  0  0   0  0   1  0  1  0  0  0/0     5:29   0:22   0:00 
C.J. Ludwig              0  0  0   0  2   0  1  0  0  0  0/0    15:35   0:00   0:00 
Daniel Carcillo          0  0  0   0  5   5  2  0  2  0  0/0    17:27   1:12   0:23 
Danny Kristo             0  0  0   0  0   5  0  1  7  0  1/1    20:13   0:47   0:23 
FARM PLAYER11            0  0  0   0  0   1  0  0  0  0  0/0    20:00   1:07   2:54 
Henrik Samuelsson        0  0  0   0  37  1  1  0  1  0  5/6     8:32   0:00   0:00 
Jesper Fast              0  0  0   0  0   3  3  3  3  0  1/8    21:14   1:12   3:09 
Johan Sundstrom          0  0  0   0  0   0  1  0  1  0  5/8    16:10   0:00   0:21 
John Persson             0  0  0   0  0   0  0  0  2  2  1/1    17:17   0:51   0:00 
Kerby Rychel             0  0  0   0  0   2  1  0  2  2  1/1    18:31   0:47   0:00 
Martin Frk               0  0  0   0  0   0  1  0  0  0  0/0     7:06   0:00   0:00 
Matt Puempel             0  0  0   0  0   3  0  2  0  0  0/0    14:28   0:00   0:00 
Reid McNeill             0  0  0   0  0   2  3  1  1  0  0/0    21:17   0:46   0:29 
Ryan Potulny             0  0  0   0  0   0  0  0  0  0  2/2     6:28   0:25   0:00 
Steve Spinell            0  0  0   0  5   1  2  0  0  2  0/0    18:30   0:00   1:22 
Will O'Neill             0  0  0   0  0   2  1  0  1  1  0/0    24:55   1:13   2:17 
Zack Stortini            0  0  0   0  5   0  1  1  1  0  3/9    19:07   0:00   3:10 

3 Stars

1 - Petr Mrazek (RCH)
2 - Matt Hackett (POR)
3 - Peter Andersson (RCH)

Power Play

Americans - 1 on 3 Attempt(s) - 33.33%
Pirates - 0 on 1 Attempt(s) - 0.00%

Penalty Kill

Americans - 1 on 1 Attempt(s) - 100.00% - Score 0 goal in Penalty Kill
Pirates - 2 on 3 Attempt(s) - 66.67% - Score 0 goal in Penalty Kill

Team Stat

Americans - Hits : 24 - Faceoff Wins : 17 - Blocked Shots : 10 - Penalty Minutes : 32
Pirates - Hits : 19 - Faceoff Wins : 19 - Blocked Shots : 12 - Penalty Minutes : 56

Official

Referees : Unknown
Linesman : Unknown

Game Notes

Patrick Bordeleau beats up Henrik Samuelsson at 0:57 of 1st period
Henrik Samuelsson and Ruslan Fedotenko fight to a draw at 6:17 of 2nd period
Daniel Carcillo and Patrick Bordeleau fight to a draw at 7:34 of 2nd period
Nick Drazenovic beats up Steve Spinell at 10:11 of 2nd period
Henrik Samuelsson and Jerome Samson fight to a draw at 1:30 of 3rd period
Henrik Samuelsson ejected from game at 1:30 of 3rd period
Henrik Samuelsson from Pirates is suspended for 1 game(s)
Zack Stortini beats up Dany Heatley at 3:26 of 3rd period

Finance

Level 1 -- Attendance: 1419 (70.95%) -- Ticket Income $49,665
Level 2 -- Attendance: 804 (80.40%) -- Ticket Income $12,060
Total Attendance: 2223 (74.10%)
Total Ticket Income: $61,725
Other Income: $30,245
Total Income: $91,970

Americans

5 vs 5 Forward 
   Center                   Left Wing                Right Wing               Time % Phy DF OF 
 1 Marc-Andre Cliche        Dany Heatley             Tim Jackman              35     1   2  2  
 2 Nick Cousins             Patrick Bordeleau        Spencer Abbott           30     1   2  2  
 3 Nick Drazenovic          Nick Sorkin              Jerome Samson            22     1   2  2  
 4 Justin Hodgman           Ruslan Fedotenko         Kale Kessy               13     1   2  2  

5 vs 5 Defense 
   Defense                  Defense                                           Time % Phy DF OF 
 1 Grant Clitsome           Nate Schmidt                                      35     1   2  2  
 2 Dylan DeMelo             Peter Andersson                                   30     1   2  2  
 3 Jake Chelios             Daniel Maggio                                     22     1   2  2  
 4 Grant Clitsome           Nate Schmidt                                      13     1   2  2  

PowerPlay Forward 
   Center                   Left Wing                Right Wing               Time % Phy DF OF 
 1 Marc-Andre Cliche        Dany Heatley             Tim Jackman              60     1   2  2  
 2 Nick Cousins             Patrick Bordeleau        Spencer Abbott           40     1   2  2  

PowerPlay Defense
   Defense                  Defense                                           Time % Phy DF OF 
 1 Grant Clitsome           Nate Schmidt                                      60     1   2  2  
 2 Dylan DeMelo             Peter Andersson                                   40     1   2  2  

Penalty Kill 4 Players Forward 
   Center                   Wing                     Time % Phy DF OF 
 1 Marc-Andre Cliche        Tim Jackman              60     1   2  2  
 2 Dany Heatley             Nick Cousins             40     1   2  2  

Penalty Kill 4 Players Defense
   Defense                  Defense                  Time % Phy DF OF 
 1 Grant Clitsome           Nate Schmidt             60     1   2  2  
 2 Dylan DeMelo             Peter Andersson          40     1   2  2  

Penalty Kill - 3 Players Forward 
   Forward                                           Time % Phy DF OF 
 1 Marc-Andre Cliche                                 60     1   2  2  
 2 Tim Jackman                                       40     1   2  2  

Penalty Kill - 3 Players Defense
   Defense                  Defense                  Time % Phy DF OF 
 1 Grant Clitsome           Nate Schmidt             60     1   2  2  
 2 Dylan DeMelo             Peter Andersson          40     1   2  2  

4 vs 4 Forward 
   Center                   Wing                     Time % Phy DF OF 
 1 Marc-Andre Cliche        Tim Jackman              60     1   2  2  
 2 Dany Heatley             Nick Cousins             40     1   2  2  

4 vs 4 Defense
   Defense                  Defense                  Time % Phy DF OF 
 1 Grant Clitsome           Nate Schmidt             60     1   2  2  
 2 Dylan DeMelo             Peter Andersson          40     1   2  2  

Last Minutes Offensive
   Center                   Left Wing                Right Wing               Defense                  Defense                  
   Marc-Andre Cliche        Dany Heatley             Tim Jackman              Grant Clitsome           Nate Schmidt             

Last Minutes Defensive
   Center                   Left Wing                Right Wing               Defense                  Defense                  
   Marc-Andre Cliche        Dany Heatley             Tim Jackman              Grant Clitsome           Nate Schmidt             

Goaltenders
Starting : Petr Mrazek              
Backup : FARM GOALIE17            

Extra Forwards
Normal : Patrick Bordeleau, Nick Drazenovic, Jerome Samson - PP : Patrick Bordeleau, Nick Drazenovic - PK : Jerome Samson
Extra Defensemen
Normal : Jake Chelios, Daniel Maggio, Dylan DeMelo - PP : Jake Chelios - PK : Daniel Maggio, Dylan DeMelo
Penalty Shots
Marc-Andre Cliche, Tim Jackman, Dany Heatley, Nick Cousins, Patrick Bordeleau

Pirates

5 vs 5 Forward 
   Center                   Left Wing                Right Wing               Time % Phy DF OF 
 1 Jesper Fast              Matt Puempel             Daniel Carcillo          35     1   2  2  
 2 Henrik Samuelsson        Kerby Rychel             Danny Kristo             30     1   2  2  
 3 Johan Sundstrom          John Persson             Zack Stortini            22     1   2  2  
 4 Jesper Fast              Daniel Carcillo          Martin Frk               13     1   2  2  

5 vs 5 Defense 
   Defense                  Defense                                           Time % Phy DF OF 
 1 Will O'Neill             Andrey Pedan                                      35     1   2  2  
 2 Reid McNeill             Steve Spinell                                     30     1   2  2  
 3 C.J. Ludwig              FARM PLAYER11                                     22     1   2  2  
 4 Will O'Neill             Andrey Pedan                                      13     1   2  2  

PowerPlay Forward 
   Center                   Left Wing                Right Wing               Time % Phy DF OF 
 1 Jesper Fast              Zack Stortini            Daniel Carcillo          60     1   2  2  
 2 Henrik Samuelsson        Kerby Rychel             Danny Kristo             40     1   2  2  

PowerPlay Defense
   Defense                  Defense                                           Time % Phy DF OF 
 1 Will O'Neill             Andrey Pedan                                      60     1   2  2  
 2 Reid McNeill             FARM PLAYER11                                     40     1   2  2  

Penalty Kill 4 Players Forward 
   Center                   Wing                     Time % Phy DF OF 
 1 Zack Stortini            Jesper Fast              60     1   2  2  
 2 Daniel Carcillo          Danny Kristo             40     1   2  2  

Penalty Kill 4 Players Defense
   Defense                  Defense                  Time % Phy DF OF 
 1 Andrey Pedan             FARM PLAYER11            60     1   2  2  
 2 Will O'Neill             Steve Spinell            40     1   2  2  

Penalty Kill - 3 Players Forward 
   Forward                                           Time % Phy DF OF 
 1 Daniel Carcillo                                   60     1   2  2  
 2 Jesper Fast                                       40     1   2  2  

Penalty Kill - 3 Players Defense
   Defense                  Defense                  Time % Phy DF OF 
 1 Andrey Pedan             Will O'Neill             60     1   2  2  
 2 C.J. Ludwig              Reid McNeill             40     1   2  2  

4 vs 4 Forward 
   Center                   Wing                     Time % Phy DF OF 
 1 Jesper Fast              Zack Stortini            60     1   2  2  
 2 Daniel Carcillo          Danny Kristo             40     1   2  2  

4 vs 4 Defense
   Defense                  Defense                  Time % Phy DF OF 
 1 Will O'Neill             FARM PLAYER11            60     1   2  2  
 2 Steve Spinell            Andrey Pedan             40     1   2  2  

Last Minutes Offensive
   Center                   Left Wing                Right Wing               Defense                  Defense                  
   Jesper Fast              Matt Puempel             Daniel Carcillo          Will O'Neill             Andrey Pedan             

Last Minutes Defensive
   Center                   Left Wing                Right Wing               Defense                  Defense                  
   Jesper Fast              Matt Puempel             Daniel Carcillo          Will O'Neill             Andrey Pedan             

Goaltenders
Starting : Matt Hackett             
Backup : FARM GOALIE10            

Extra Forwards
Normal : Zack Stortini, John Persson, Johan Sundstrom - PP : Zack Stortini, John Persson - PK : Johan Sundstrom
Extra Defensemen
Normal : Andrey Pedan, C.J. Ludwig, FARM PLAYER11 - PP : Will O'Neill - PK : Andrey Pedan, Will O'Neill
Penalty Shots
John Persson, FARM PLAYER11, Daniel Carcillo, Danny Kristo, Zack Stortini

% Time on Ice - Americans

Lines # - Real PCT - Wanted PCT - Time Play
Normal Forward
1 - 29% - 35% - 15:14
2 - 27% - 30% - 14:20
3 - 22% - 22% - 11:50
4 - 22% - 13% - 11:51
Normal Defense
1 - 31% - 35% - 16:43
2 - 33% - 30% - 17:38
3 - 29% - 22% - 15:22
4 - 7% - 13% - 3:32
PP Forward
1 - 50% - 60% - 1:58
2 - 50% - 40% - 1:56
PP Defense
1 - 65% - 60% - 2:33
2 - 35% - 40% - 1:21
PK Forward
1 - 76% - 60% - 1:30
2 - 24% - 40% - 0:29
PK Defense
1 - 66% - 60% - 1:19
2 - 34% - 40% - 0:40
PK3 Forward
1 - 0% - 60%
2 - 0% - 40%
PK3 Defense
1 - 0% - 60%
2 - 0% - 40%
44 Forward
1 - 0% - 60%
2 - 0% - 40%
44 Defense
1 - 0% - 60%
2 - 0% - 40%
Last Minute Offensive  - 0:00
Last Minute Defensive  - 0:52
Total
Forward - 60:00
Defense - 60:00

% Time on Ice - Pirates

Lines # - Real PCT - Wanted PCT - Time Play
Normal Forward
1 - 28% - 35% - 15:17
2 - 36% - 30% - 19:45
3 - 23% - 22% - 12:24
4 - 12% - 13% - 6:41
Normal Defense
1 - 33% - 35% - 17:54
2 - 35% - 30% - 18:52
3 - 25% - 22% - 13:16
4 - 8% - 13% - 4:05
PP Forward
1 - 61% - 60% - 1:12
2 - 39% - 40% - 0:47
PP Defense
1 - 61% - 60% - 1:13
2 - 39% - 40% - 0:46
PK Forward
1 - 90% - 60% - 3:31
2 - 10% - 40% - 0:23
PK Defense
1 - 65% - 60% - 2:32
2 - 35% - 40% - 1:22
PK3 Forward
1 - 0% - 60%
2 - 0% - 40%
PK3 Defense
1 - 0% - 60%
2 - 0% - 40%
44 Forward
1 - 0% - 60%
2 - 0% - 40%
44 Defense
1 - 0% - 60%
2 - 0% - 40%
Last Minute Offensive  - 0:00
Last Minute Defensive  - 0:00
Total
Forward - 60:00
Defense - 60:00

Play by Play

1st period


0:01 of 1st period - Marc-Andre Cliche wins face-off versus Jesper Fast in neutral zone.
0:14 of 1st period - Snap shot by Daniel Carcillo.
0:14 of 1st period - Shot Misses the Net.
0:32 of 1st period - Snap shot by Tim Jackman.
0:32 of 1st period - Shot Misses the Net.
0:34 of 1st period - Snap shot by Nate Schmidt.
0:34 of 1st period - Stopped by Matt Hackett with a rebound.
0:56 of 1st period - Wrist shot by Nick Cousins.
0:56 of 1st period - Stopped by Matt Hackett without a rebound.
0:57 of 1st period - Nick Cousins wins face-off versus Henrik Samuelsson in Pirates zone.
0:57 of 1st period - Patrick Bordeleau beats up Henrik Samuelsson.
0:57 of 1st period - Penalty to Henrik Samuelsson for Fighting.
0:57 of 1st period - Penalty to Patrick Bordeleau for Fighting.
0:58 of 1st period - Nick Drazenovic wins face-off versus Zack Stortini in Pirates zone.
1:33 of 1st period - Wrist shot by Jerome Samson.
1:33 of 1st period - Shot Blocked by Zack Stortini.
2:49 of 1st period - Spencer Abbott is hit by Johan Sundstrom and loses puck.
3:06 of 1st period - Snap shot by Tim Jackman.
3:06 of 1st period - Shot Blocked by Andrey Pedan.
4:59 of 1st period - Snap shot by Grant Clitsome.
4:59 of 1st period - Shot Blocked by Jesper Fast.
5:30 of 1st period - Slapshot by Danny Kristo.
5:30 of 1st period - Deflect By Ryan Potulny.
5:30 of 1st period - Shot Misses the Net.
5:30 of 1st period - Puck is out of play.
5:31 of 1st period - Kerby Rychel wins face-off versus Nick Sorkin in Americans zone.
5:58 of 1st period - John Persson is hit by Peter Andersson and loses puck.
6:25 of 1st period - Wrist shot by Patrick Bordeleau.
6:25 of 1st period - Shot Misses the Net.
7:56 of 1st period - Icing by Henrik Samuelsson.
7:57 of 1st period - Henrik Samuelsson wins face-off versus Justin Hodgman in Pirates zone.
9:22 of 1st period - Grant Clitsome is hit by Will O'Neill and loses puck.
9:33 of 1st period - Andrey Pedan is hit by Nick Drazenovic and loses puck.
9:50 of 1st period - Andrey Pedan is hit by Tim Jackman and loses puck.
9:57 of 1st period - Wrist shot by Tim Jackman.
9:57 of 1st period - Stopped by Matt Hackett with a rebound.
10:26 of 1st period - Snap shot by Ruslan Fedotenko.
10:26 of 1st period - Shot Misses the Net.
10:28 of 1st period - Slapshot by Daniel Maggio.
10:28 of 1st period - Shot Misses the Net.
10:30 of 1st period - Snap shot by Ruslan Fedotenko.
10:30 of 1st period - Stopped by Matt Hackett with a rebound.
10:32 of 1st period - Slapshot by Daniel Maggio.
10:32 of 1st period - Deflect By Zack Stortini.
10:32 of 1st period - Stopped by Matt Hackett with a rebound.
10:34 of 1st period - Slapshot by Justin Hodgman.
10:34 of 1st period - Stopped by Matt Hackett without a rebound.
10:35 of 1st period - Henrik Samuelsson wins face-off versus Nick Cousins in Pirates zone.
11:44 of 1st period - Wrist shot by Danny Kristo.
11:44 of 1st period - Stopped by Petr Mrazek with a rebound.
12:12 of 1st period - Marc-Andre Cliche is hit by Reid McNeill and loses puck.
12:31 of 1st period - Wrist shot by Marc-Andre Cliche.
12:31 of 1st period - Stopped by Matt Hackett with a rebound.
12:33 of 1st period - Slapshot by Grant Clitsome.
12:33 of 1st period - Shot Blocked by Reid McNeill.
12:53 of 1st period - Snap shot by Nick Cousins.
12:53 of 1st period - Shot Blocked by Jesper Fast.
13:01 of 1st period - Spencer Abbott is hit by Andrey Pedan and loses puck.
15:56 of 1st period - Grant Clitsome is hit by Jesper Fast and loses puck.
16:17 of 1st period - Snap shot by Danny Kristo.
16:17 of 1st period - Deflect By Kerby Rychel.
16:17 of 1st period - Stopped by Petr Mrazek with a rebound.
17:05 of 1st period - Ruslan Fedotenko is hit by Martin Frk and loses puck.
17:16 of 1st period - Anthony Duclair is hit by Justin Hodgman and loses puck.
17:29 of 1st period - Dany Heatley is hit by Steve Spinell and loses puck.
17:55 of 1st period - Nick Sorkin is hit by Andrey Pedan and loses puck.
18:06 of 1st period - Will O'Neill is hit by Peter Andersson and loses puck.
18:33 of 1st period - Daniel Maggio is hit by Reid McNeill.
19:06 of 1st period - Anthony Duclair is hit by Tim Jackman.
19:33 of 1st period - Nate Schmidt is hit by Jesper Fast.
19:48 of 1st period - Slapshot by Dylan DeMelo.
19:48 of 1st period - Stopped by Matt Hackett with a rebound.
19:54 of 1st period - Slapshot by Justin Hodgman.
19:54 of 1st period - Stopped by Matt Hackett with a rebound.
Goals for this period are 0 for Americans vs 0 for Pirates.
Shots for this period are 9 for Americans vs 2 for Pirates.

2nd period


0:01 of 2nd period - Jesper Fast wins face-off versus Tim Jackman in neutral zone.
0:04 of 2nd period - Snap shot by Daniel Carcillo.
0:04 of 2nd period - Shot Blocked by Grant Clitsome.
0:10 of 2nd period - Slapshot by Grant Clitsome.
0:10 of 2nd period - Shot Blocked by Matt Puempel.
0:12 of 2nd period - Backhand shot by Tim Jackman.
0:12 of 2nd period - Stopped by Matt Hackett with a rebound.
0:14 of 2nd period - Wrist shot by Tim Jackman.
0:14 of 2nd period - Shot Misses the Net.
1:13 of 2nd period - Off-side.
1:14 of 2nd period - Nick Cousins wins face-off versus Johan Sundstrom in neutral zone.
1:57 of 2nd period - Minor Penalty to C.J. Ludwig for Hooking.
1:58 of 2nd period - Marc-Andre Cliche wins face-off versus Zack Stortini in Pirates zone.
2:17 of 2nd period - Jesper Fast is hit by Nate Schmidt and loses puck.
3:05 of 2nd period - Wrist shot by Tim Jackman.
3:05 of 2nd period - Stopped by Matt Hackett without a rebound.
3:06 of 2nd period - Johan Sundstrom wins face-off versus Marc-Andre Cliche in Pirates zone.
3:25 of 2nd period - Snap shot by Grant Clitsome.
3:25 of 2nd period - Shot Misses the Net.
3:37 of 2nd period - Danny Kristo is hit by Tim Jackman and loses puck.
3:57 of 2nd period - Penalty to C.J. Ludwig is over, C.J. Ludwig is back on ice.
4:13 of 2nd period - Snap shot by Nick Cousins.
4:13 of 2nd period - Stopped by Matt Hackett with a rebound.
4:23 of 2nd period - Nick Sorkin is hit by Steve Spinell and loses puck.
4:30 of 2nd period - C.J. Ludwig is hit by Jerome Samson and loses puck.
4:39 of 2nd period - Slapshot by Nick Drazenovic.
4:39 of 2nd period - Stopped by Matt Hackett with a rebound.
4:41 of 2nd period - Snap shot by Jerome Samson.
4:41 of 2nd period - Stopped by Matt Hackett without a rebound.
4:42 of 2nd period - Henrik Samuelsson wins face-off versus Justin Hodgman in Pirates zone.
5:01 of 2nd period - Slapshot by Danny Kristo.
5:01 of 2nd period - Stopped by Petr Mrazek with a rebound.
5:03 of 2nd period - Slapshot by Will O'Neill.
5:03 of 2nd period - Stopped by Petr Mrazek with a rebound.
5:05 of 2nd period - Slapshot by Steve Spinell.
5:05 of 2nd period - Shot Blocked by Kale Kessy.
5:07 of 2nd period - Snap shot by Henrik Samuelsson.
5:07 of 2nd period - Stopped by Petr Mrazek without a rebound.
5:08 of 2nd period - Nick Drazenovic wins face-off versus Jesper Fast in Americans zone.
5:18 of 2nd period - Icing by Jesper Fast.
5:19 of 2nd period - Nick Sorkin wins face-off versus Jesper Fast in Pirates zone.
5:32 of 2nd period - Steve Spinell is hit by Nate Schmidt.
6:17 of 2nd period - Henrik Samuelsson and Ruslan Fedotenko fight to a draw.
6:17 of 2nd period - Penalty to Henrik Samuelsson for Fighting.
6:17 of 2nd period - Penalty to Ruslan Fedotenko for Fighting.
6:18 of 2nd period - Zack Stortini wins face-off versus Marc-Andre Cliche in neutral zone.
6:25 of 2nd period - Snap shot by Danny Kristo.
6:25 of 2nd period - Deflect By Kerby Rychel.
6:25 of 2nd period - Shot Blocked by Nate Schmidt.
6:25 of 2nd period - Puck is out of play.
6:26 of 2nd period - Marc-Andre Cliche wins face-off versus Zack Stortini in Americans zone.
6:31 of 2nd period - Grant Clitsome is hit by Zack Stortini and loses puck.
6:59 of 2nd period - Snap shot by Danny Kristo.
6:59 of 2nd period - Shot Blocked by Marc-Andre Cliche.
7:01 of 2nd period - Slapshot by Will O'Neill.
7:01 of 2nd period - Shot Blocked by Nate Schmidt.
7:03 of 2nd period - Slapshot by Andrey Pedan.
7:03 of 2nd period - Stopped by Petr Mrazek with a rebound.
7:34 of 2nd period - Daniel Carcillo and Patrick Bordeleau fight to a draw.
7:34 of 2nd period - Penalty to Daniel Carcillo for Fighting.
7:34 of 2nd period - Penalty to Patrick Bordeleau for Fighting.
7:35 of 2nd period - Nick Cousins wins face-off versus Johan Sundstrom in Pirates zone.
8:23 of 2nd period - Snap shot by Kerby Rychel.
8:23 of 2nd period - Stopped by Petr Mrazek without a rebound.
8:24 of 2nd period - Ryan Potulny wins face-off versus Justin Hodgman in Americans zone.
8:38 of 2nd period - Slapshot by Nate Schmidt.
8:38 of 2nd period - Shot Misses the Net.
8:40 of 2nd period - Snap shot by Justin Hodgman.
8:40 of 2nd period - Stopped by Matt Hackett with a rebound.
8:44 of 2nd period - Slapshot by Grant Clitsome.
8:44 of 2nd period - Deflect By Will O'Neill.
8:44 of 2nd period - Stopped by Matt Hackett with a rebound.
8:56 of 2nd period - Backhand shot by Justin Hodgman.
8:56 of 2nd period - Shot Hit the Post.
8:58 of 2nd period - Slapshot by Grant Clitsome.
8:58 of 2nd period - Shot Hit the Post.
9:00 of 2nd period - Slapshot by Nate Schmidt.
9:00 of 2nd period - Shot Blocked by Danny Kristo.
9:20 of 2nd period - Wrist shot by Matt Puempel.
9:20 of 2nd period - Stopped by Petr Mrazek with a rebound.
9:26 of 2nd period - Wrist shot by Jesper Fast.
9:26 of 2nd period - Stopped by Petr Mrazek with a rebound.
9:28 of 2nd period - Slapshot by Steve Spinell.
9:28 of 2nd period - Stopped by Petr Mrazek with a rebound.
9:30 of 2nd period - Snap shot by Zack Stortini.
9:30 of 2nd period - Shot Misses the Net.
9:32 of 2nd period - Snap shot by Jesper Fast.
9:32 of 2nd period - Stopped by Petr Mrazek with a rebound.
9:34 of 2nd period - Snap shot by Matt Puempel.
9:34 of 2nd period - Shot Blocked by Grant Clitsome.
9:42 of 2nd period - Wrist shot by Matt Puempel.
9:42 of 2nd period - Stopped by Petr Mrazek with a rebound.
10:11 of 2nd period - Nick Drazenovic beats up Steve Spinell.
10:11 of 2nd period - Penalty to Steve Spinell for Fighting.
10:11 of 2nd period - Penalty to Nick Drazenovic for Fighting.
10:12 of 2nd period - Nick Cousins wins face-off versus Zack Stortini in neutral zone.
10:19 of 2nd period - Wrist shot by Nick Cousins.
10:19 of 2nd period - Stopped by Matt Hackett with a rebound.
11:22 of 2nd period - Snap shot by Matt Puempel.
11:22 of 2nd period - Shot Misses the Net.
11:28 of 2nd period - Jesper Fast is hit by Kale Kessy and loses puck.
12:08 of 2nd period - Snap shot by Tim Jackman.
12:08 of 2nd period - Shot Misses the Net.
13:33 of 2nd period - Dylan DeMelo is hit by Jesper Fast.
13:42 of 2nd period - Off-side.
13:43 of 2nd period - Justin Hodgman wins face-off versus Jesper Fast in neutral zone.
13:48 of 2nd period - Snap shot by Kale Kessy.
13:48 of 2nd period - Stopped by Matt Hackett with a rebound.
13:50 of 2nd period - Slapshot by Justin Hodgman.
13:50 of 2nd period - Stopped by Matt Hackett with a rebound.
14:37 of 2nd period - Grant Clitsome is hit by C.J. Ludwig and loses puck.
15:19 of 2nd period - Snap shot by Daniel Carcillo.
15:19 of 2nd period - Stopped by Petr Mrazek with a rebound.
15:27 of 2nd period - Wrist shot by Jesper Fast.
15:27 of 2nd period - Deflect By Matt Puempel.
15:27 of 2nd period - Shot Misses the Net.
15:27 of 2nd period - Puck is out of play.
15:28 of 2nd period - Nick Cousins wins face-off versus Jesper Fast in Americans zone.
16:19 of 2nd period - Wrist shot by Danny Kristo.
16:19 of 2nd period - Stopped by Petr Mrazek without a rebound.
16:20 of 2nd period - Henrik Samuelsson wins face-off versus Marc-Andre Cliche in Americans zone.
16:25 of 2nd period - Snap shot by Danny Kristo.
16:25 of 2nd period - Stopped by Petr Mrazek with a rebound.
18:04 of 2nd period - Dany Heatley is hit by Henrik Samuelsson and loses puck.
18:37 of 2nd period - Daniel Carcillo is hit by Jake Chelios and loses puck.
18:56 of 2nd period - Steve Spinell is hit by Jerome Samson and loses puck.
19:28 of 2nd period - Minor Penalty to Andrey Pedan for Hooking.
19:29 of 2nd period - Nick Cousins wins face-off versus Zack Stortini in Pirates zone.
Goals for this period are 0 for Americans vs 0 for Pirates.
Shots for this period are 10 for Americans vs 13 for Pirates.

3rd period


0:01 of 3rd period - Zack Stortini wins face-off versus Marc-Andre Cliche in neutral zone.
1:17 of 3rd period - Slapshot by Spencer Abbott.
1:17 of 3rd period - Stopped by Matt Hackett with a rebound.
1:19 of 3rd period - Slapshot by Dylan DeMelo.
1:19 of 3rd period - Stopped by Matt Hackett with a rebound.
1:21 of 3rd period - Slapshot by Peter Andersson.
1:21 of 3rd period - Shot Misses the Net.
1:23 of 3rd period - Slapshot by Peter Andersson.
1:23 of 3rd period - Goal by Peter Andersson - Americans : 1 - Pirates : 0.
1:24 of 3rd period - Henrik Samuelsson wins face-off versus Nick Drazenovic in neutral zone.
1:30 of 3rd period - Henrik Samuelsson and Jerome Samson fight to a draw.
1:30 of 3rd period - Penalty to Henrik Samuelsson for Fighting.
1:30 of 3rd period - Henrik Samuelsson is ejected from game.
1:30 of 3rd period - Penalty to Jerome Samson for Fighting.
1:30 of 3rd period - Penalty to Henrik Samuelsson for instigated a fight.
1:30 of 3rd period - Penalty to Henrik Samuelsson for instigated a fight.
1:31 of 3rd period - Zack Stortini wins face-off versus Marc-Andre Cliche in neutral zone.
1:46 of 3rd period - Wrist shot by Danny Kristo.
1:46 of 3rd period - Shot Blocked by Grant Clitsome.
2:08 of 3rd period - Matt Puempel is hit by Dany Heatley and loses puck.
2:21 of 3rd period - Wrist shot by Jesper Fast.
2:21 of 3rd period - Shot Misses the Net.
2:23 of 3rd period - Snap shot by Reid McNeill.
2:23 of 3rd period - Stopped by Petr Mrazek without a rebound.
2:24 of 3rd period - John Persson wins face-off versus Nick Cousins in Americans zone.
3:17 of 3rd period - Slapshot by Jesper Fast.
3:17 of 3rd period - Stopped by Petr Mrazek without a rebound.
3:18 of 3rd period - Johan Sundstrom wins face-off versus Nick Sorkin in Americans zone.
3:19 of 3rd period - Snap shot by John Persson.
3:19 of 3rd period - Deflect By Zack Stortini.
3:19 of 3rd period - Shot Misses the Net.
3:19 of 3rd period - Puck is out of play.
3:20 of 3rd period - Johan Sundstrom wins face-off versus Nick Drazenovic in Americans zone.
3:21 of 3rd period - Wrist shot by John Persson.
3:21 of 3rd period - Shot Misses the Net.
3:26 of 3rd period - Zack Stortini beats up Dany Heatley.
3:26 of 3rd period - Penalty to Zack Stortini for Fighting.
3:26 of 3rd period - Penalty to Dany Heatley for Fighting.
3:27 of 3rd period - Marc-Andre Cliche wins face-off versus Johan Sundstrom in Pirates zone.
3:30 of 3rd period - Snap shot by Tim Jackman.
3:30 of 3rd period - Shot Blocked by Andrey Pedan.
3:38 of 3rd period - Wrist shot by John Persson.
3:38 of 3rd period - Shot Misses the Net.
3:40 of 3rd period - Snap shot by Daniel Carcillo.
3:40 of 3rd period - Stopped by Petr Mrazek with a rebound.
3:42 of 3rd period - Snap shot by Will O'Neill.
3:42 of 3rd period - Stopped by Petr Mrazek without a rebound.
3:43 of 3rd period - Johan Sundstrom wins face-off versus Marc-Andre Cliche in Americans zone.
4:22 of 3rd period - Wrist shot by Kerby Rychel.
4:22 of 3rd period - Shot Blocked by Grant Clitsome.
4:24 of 3rd period - Wrist shot by FARM PLAYER11.
4:24 of 3rd period - Stopped by Petr Mrazek with a rebound.
4:26 of 3rd period - Slapshot by Andrey Pedan.
4:26 of 3rd period - Stopped by Petr Mrazek with a rebound.
4:46 of 3rd period - Danny Kristo is hit by Nick Drazenovic and loses puck.
5:10 of 3rd period - Snap shot by Daniel Carcillo.
5:10 of 3rd period - Shot Misses the Net.
5:11 of 3rd period - Minor Penalty to Kale Kessy for Goalie Interference.
5:12 of 3rd period - Marc-Andre Cliche wins face-off versus Jesper Fast in Americans zone.
5:29 of 3rd period - Slapshot by Daniel Carcillo.
5:29 of 3rd period - Stopped by Petr Mrazek with a rebound.
6:09 of 3rd period - Snap shot by Jesper Fast.
6:09 of 3rd period - Shot Misses the Net.
6:15 of 3rd period - Snap shot by Anthony Duclair.
6:15 of 3rd period - Shot Blocked by Marc-Andre Cliche.
6:30 of 3rd period - Penalty to Jerome Samson is over, Jerome Samson is back on ice.
6:37 of 3rd period - Jerome Samson is hit by Reid McNeill and loses puck.
7:10 of 3rd period - Nick Sorkin is hit by Daniel Carcillo and loses puck.
7:11 of 3rd period - Penalty to Kale Kessy is over, Kale Kessy is back on ice.
7:21 of 3rd period - Johan Sundstrom is hit by Jerome Samson and loses puck.
8:15 of 3rd period - Snap shot by Anthony Duclair.
8:15 of 3rd period - Stopped by Petr Mrazek with a rebound.
8:17 of 3rd period - Snap shot by Anthony Duclair.
8:17 of 3rd period - Shot Misses the Net.
8:19 of 3rd period - Snap shot by Reid McNeill.
8:19 of 3rd period - Stopped by Petr Mrazek with a rebound.
10:08 of 3rd period - Snap shot by Martin Frk.
10:08 of 3rd period - Shot Blocked by Justin Hodgman.
10:58 of 3rd period - Snap shot by Tim Jackman.
10:58 of 3rd period - Shot Misses the Net.
11:00 of 3rd period - Snap shot by Tim Jackman.
11:00 of 3rd period - Stopped by Matt Hackett without a rebound.
11:01 of 3rd period - Marc-Andre Cliche wins face-off versus Zack Stortini in Pirates zone.
11:14 of 3rd period - Wrist shot by Danny Kristo.
11:14 of 3rd period - Stopped by Petr Mrazek without a rebound.
11:15 of 3rd period - Danny Kristo wins face-off versus Nick Cousins in Americans zone.
11:49 of 3rd period - Snap shot by Marc-Andre Cliche.
11:49 of 3rd period - Shot Hit the Post.
11:51 of 3rd period - Snap shot by Marc-Andre Cliche.
11:51 of 3rd period - Deflect By Tim Jackman.
11:51 of 3rd period - Stopped by Matt Hackett with a rebound.
11:53 of 3rd period - Slapshot by Dylan DeMelo.
11:53 of 3rd period - Stopped by Matt Hackett with a rebound.
12:15 of 3rd period - C.J. Ludwig is hit by Jerome Samson and loses puck.
12:28 of 3rd period - FARM PLAYER11 is hit by Kale Kessy and loses puck.
12:41 of 3rd period - Slapshot by Grant Clitsome.
12:41 of 3rd period - Shot Misses the Net.
12:43 of 3rd period - Wrist shot by Justin Hodgman.
12:43 of 3rd period - Stopped by Matt Hackett with a rebound.
13:07 of 3rd period - Icing by Kerby Rychel.
13:08 of 3rd period - Ryan Potulny wins face-off versus Nick Drazenovic in Pirates zone.
13:30 of 3rd period - Reid McNeill is hit by Daniel Maggio and loses puck.
13:47 of 3rd period - Snap shot by Tim Jackman.
13:47 of 3rd period - Deflect By Marc-Andre Cliche.
13:47 of 3rd period - Shot Blocked by Anthony Duclair.
13:47 of 3rd period - Puck is out of play.
13:48 of 3rd period - Tim Jackman wins face-off versus Jesper Fast in Pirates zone.
14:35 of 3rd period - Dylan DeMelo is hit by Kerby Rychel and loses puck.
14:54 of 3rd period - Justin Hodgman is hit by Daniel Carcillo and loses puck.
14:59 of 3rd period - Slapshot by Daniel Carcillo.
14:59 of 3rd period - Stopped by Petr Mrazek with a rebound.
15:05 of 3rd period - Snap shot by Daniel Carcillo.
15:05 of 3rd period - Stopped by Petr Mrazek with a rebound.
15:26 of 3rd period - John Persson is hit by Peter Andersson and loses puck.
15:43 of 3rd period - Ryan Potulny is hit by Nick Cousins and loses puck.
16:16 of 3rd period - Slapshot by Grant Clitsome.
16:16 of 3rd period - Stopped by Matt Hackett without a rebound.
16:17 of 3rd period - Johan Sundstrom wins face-off versus Marc-Andre Cliche in Pirates zone.
16:30 of 3rd period - 10 Minutes Misconduct Penalty to Henrik Samuelsson is over.
16:59 of 3rd period - Snap shot by Matt Puempel.
16:59 of 3rd period - Stopped by Petr Mrazek with a rebound.
17:05 of 3rd period - Jesper Fast is hit by Patrick Bordeleau and loses puck.
17:12 of 3rd period - Slapshot by Patrick Bordeleau.
17:12 of 3rd period - Shot Blocked by Matt Puempel.
17:14 of 3rd period - Slapshot by Grant Clitsome.
17:14 of 3rd period - Shot Blocked by Jesper Fast.
18:32 of 3rd period - Snap shot by Marc-Andre Cliche.
18:32 of 3rd period - Shot Misses the Net.
19:14 of 3rd period - Will O'Neill is hit by Tim Jackman and loses puck.
19:29 of 3rd period - John Persson is hit by Tim Jackman and loses puck.
19:36 of 3rd period - Snap shot by Tim Jackman.
19:36 of 3rd period - Shot Blocked by Andrey Pedan.
19:38 of 3rd period - Snap shot by Marc-Andre Cliche.
19:38 of 3rd period - Stopped by Matt Hackett with a rebound.
Goals for this period are 1 for Americans vs 0 for Pirates.
Shots for this period are 9 for Americans vs 13 for Pirates.